TOP OF THE 1ST |
Atlantic City Sonics batting - Pitching for Marmora Scramblers : RHP Hirokichi Kichida
|
Pitching: RHP Hirokichi Kichida
|
|
Batting: RHB Thomas Campbell
|
0-0: SOLO HOME RUN (Flyball, 78XD), Distance : 403 ft
|
Batting: RHB Ethan Stanford
|
0-0: Ball 1-0: Ball 2-0: Bunt for hit - play at first, batter safe!
|
Batting: RHB Chris Foreman
|
0-0: SINGLE (Groundball, 56D) Ethan Stanford to second
|
Batting: RHB Joe Smith
|
0-0: SINGLE (Groundball, 34D) Ethan Stanford to third Chris Foreman to second Runner from 3rd tries for Home, SAFE, no throw or cutoff
|
Batting: LHB Pedro López
|
0-0: Called Strike 0-1: Fielders Choice at 2nd, 4-6 (Groundball, 4) Chris Foreman to third
|
Batting: RHB Jason Duncan
|
0-0: Ball 1-0: Ball 2-0: Foul Ball, location: 2F 2-1: Called Strike 2-2: Foul Ball, location: 2F 2-2: Strikes out looking
|
Batting: LHB Kip Burks
|
0-0: Ball 1-0: Ball 2-0: Called Strike 2-1: Ball 3-1: Called Strike 3-2: Foul Ball, location: 2F 3-2: Strikes out swinging
|
Top of the 1st over - 2 run(s), 4 hit(s), 0 error(s), 2 left on base; Atlantic City 2 - Marmora 0 |
BOTTOM OF THE 1ST |
Marmora Scramblers batting - Pitching for Atlantic City Sonics : RHP Jeff Territt
|
Pitching: RHP Jeff Territt
|
|
Batting: RHB Johnny Foster
|
0-0: Ball 1-0: Ground out 5-3 (Groundball, 5S)
|
Batting: RHB Andrew Weeks
|
0-0: Ball 1-0: Called Strike 1-1: Called Strike 1-2: DOUBLE (Groundball, 5L)
|
Batting: RHB Eric D'Angle
|
0-0: Foul Ball, location: 2F 0-1: Ground out U3 (Groundball, 3) Andrew Weeks to third
|
Batting: LHB Randy Daugherty
|
0-0: Called Strike 0-1: Ball 1-1: Ball 2-1: SINGLE (Groundball, 56D) Andrew Weeks scores
|
Batting: RHB Bob Sargent
|
0-0: Ball Randy Daugherty is caught stealing 2nd base
|
Bottom of the 1st over - 1 run(s), 2 hit(s), 0 error(s), 0 left on base; Atlantic City 2 - Marmora 1 |
TOP OF THE 2ND |
Atlantic City Sonics batting - Pitching for Marmora Scramblers : RHP Hirokichi Kichida
|
Batting: RHB Michael Bucknell
|
0-0: Called Strike 0-1: Ball 1-1: Called Strike 1-2: Foul Ball, location: 2F 1-2: Foul Ball, location: 2F 1-2: Ball 2-2: Ball 3-2: Strikes out swinging
|
Batting: RHB António Granados
|
0-0: Ball 1-0: Called Strike 1-1: Ball 2-1: Fly out, F9 (Flyball, 9M)
|
Batting: RHB Thomas Campbell
|
0-0: Called Strike 0-1: Fly out, F6 (Popup, 56)
|
Top of the 2nd over - 0 run(s), 0 hit(s), 0 error(s), 0 left on base; Atlantic City 2 - Marmora 1 |
BOTTOM OF THE 2ND |
Marmora Scramblers batting - Pitching for Atlantic City Sonics : RHP Jeff Territt
|
Batting: RHB Bob Sargent
|
0-0: Ball 1-0: Called Strike 1-1: Called Strike 1-2: Ball 2-2: Ball 3-2: Foul Ball, location: 2F 3-2: Strikes out swinging
|
Batting: RHB Thomas Vaughan
|
0-0: Ball 1-0: Ball 2-0: SOLO HOME RUN (Flyball, 7LD), Distance : 333 ft
|
Batting: LHB Paul Johnson
|
0-0: Called Strike 0-1: Called Strike 0-2: Strikes out looking
|
Batting: RHB Jorge Quezada
|
0-0: Ball 1-0: Ball 2-0: Foul Ball, location: 2F 2-1: Foul Ball, location: 2F 2-2: Strikes out swinging
|
Bottom of the 2nd over - 1 run(s), 1 hit(s), 0 error(s), 0 left on base; Atlantic City 2 - Marmora 2 |
TOP OF THE 3RD |
Atlantic City Sonics batting - Pitching for Marmora Scramblers : RHP Hirokichi Kichida
|
Batting: RHB Ethan Stanford
|
0-0: Called Strike 0-1: Foul Ball, location: 2F 0-2: Foul Ball, location: 2F 0-2: Foul Ball, location: 2F 0-2: Ball 1-2: Ball 2-2: Ground out 3-1 (Groundball, 34)
|
Batting: RHB Chris Foreman
|
0-0: Reached on error, E3 (Groundball, 3)
|
Batting: RHB Joe Smith
|
0-0: Foul Ball, location: 2F 0-1: Foul Ball, location: 2F 0-2: Ball 1-2: Strikes out swinging
|
Batting: LHB Pedro López
|
0-0: Foul Ball, location: 2F 0-1: Ball 1-1: Foul Ball, location: 2F 1-2: Ball 2-2: Foul Ball, location: 2F 2-2: Ball 3-2: Strikes out swinging
|
Top of the 3rd over - 0 run(s), 0 hit(s), 1 error(s), 1 left on base; Atlantic City 2 - Marmora 2 |
BOTTOM OF THE 3RD |
Marmora Scramblers batting - Pitching for Atlantic City Sonics : RHP Jeff Territt
|
Batting: RHB Tristan Kuhn
|
0-0: Called Strike 0-1: Swinging Strike 0-2: Fly out, F8 (Line Drive, 8LS)
|
Batting: RHB Johnny Foster
|
0-0: Called Strike 0-1: Foul Ball, location: 2F 0-2: Ball 1-2: Ball 2-2: Foul Ball, location: 2F 2-2: Foul Ball, location: 2F 2-2: Ball 3-2: Foul Ball, location: 2F 3-2: Base on Balls
|
Batting: RHB Andrew Weeks
|
0-0: Ball Johnny Foster steals 2nd base 1-0: Ball 2-0: Called Strike 2-1: Foul Ball, location: 2F 2-2: Ball 3-2: Foul Ball, location: 2F Reached via error on a dropped throw, E1 Johnny Foster to third
|
Batting: RHB Eric D'Angle
|
0-0: Ball 1-0: Swinging Strike 1-1: Ball 2-1: Foul Ball, location: 2F 2-2: Grounds into double play, 6-4-3 (Groundball, 6M)
|
Bottom of the 3rd over - 0 run(s), 0 hit(s), 1 error(s), 1 left on base; Atlantic City 2 - Marmora 2 |
TOP OF THE 4TH |
Atlantic City Sonics batting - Pitching for Marmora Scramblers : RHP Hirokichi Kichida
|
Batting: RHB Jason Duncan
|
0-0: Called Strike 0-1: Fly out, F6 (Line Drive, 56)
|
Batting: LHB Kip Burks
|
0-0: Called Strike 0-1: Ball 1-1: Fly out, F5 (Popup, 5F)
|
Batting: RHB Michael Bucknell
|
0-0: Ball 1-0: SINGLE (Line Drive, 6M)
|
Batting: RHB António Granados
|
0-0: Called Strike 0-1: Ball 1-1: Foul Ball, location: 2F 1-2: Ball 2-2: Foul Ball, location: 2F 2-2: Ball Michael Bucknell steals 2nd base 3-2: Strikes out looking
|
Top of the 4th over - 0 run(s), 1 hit(s), 0 error(s), 1 left on base; Atlantic City 2 - Marmora 2 |
BOTTOM OF THE 4TH |
Marmora Scramblers batting - Pitching for Atlantic City Sonics : RHP Jeff Territt
|
Batting: LHB Randy Daugherty
|
0-0: Foul Ball, location: 2F 0-1: Ball 1-1: TRIPLE (Flyball, 89XD)
|
Batting: RHB Bob Sargent
|
0-0: Called Strike 0-1: Swinging Strike 0-2: Ball 1-2: Fly out, F7 (Flyball, 78S)
|
Batting: RHB Thomas Vaughan
|
0-0: Called Strike 0-1: Ground out 4-3 (Groundball, 4) Randy Daugherty scores
|
Batting: LHB Paul Johnson
|
0-0: Ball 1-0: Ball 2-0: Ball 3-0: Base on Balls
|
Batting: RHB Jorge Quezada
|
0-0: Called Strike 0-1: Swinging Strike 0-2: Ball 1-2: Foul Ball, location: 2F 1-2: Ball 2-2: Foul Ball, location: 2F 2-2: SINGLE (Flyball, 7S) Paul Johnson to second
|
Batting: RHB Tristan Kuhn
|
0-0: Ball 1-0: Ball 2-0: Foul Ball, location: 2F 2-1: SINGLE (Groundball, 56) Paul Johnson to third Jorge Quezada to second Runner from 3rd tries for Home, SAFE, throw made home Jorge Quezada to third Tristan Kuhn to second
|
Batting: RHB Johnny Foster
|
0-0: Called Strike 0-1: Ball 1-1: Ball 2-1: Ball 3-1: Ground out 1-3 (Groundball, 15S)
|
Bottom of the 4th over - 2 run(s), 3 hit(s), 0 error(s), 2 left on base; Atlantic City 2 - Marmora 4 |
TOP OF THE 5TH |
Atlantic City Sonics batting - Pitching for Marmora Scramblers : RHP Hirokichi Kichida
|
Batting: RHB Thomas Campbell
|
0-0: Ball 1-0: Ball 2-0: Ground out 6-3 (Groundball, 6M)
|
Batting: RHB Ethan Stanford
|
0-0: Fly out, F6 (Popup, 5L)
|
Batting: RHB Chris Foreman
|
0-0: Called Strike 0-1: Foul Ball, location: 2F 0-2: Fly out, F5 (Popup, 5)
|
Top of the 5th over - 0 run(s), 0 hit(s), 0 error(s), 0 left on base; Atlantic City 2 - Marmora 4 |
BOTTOM OF THE 5TH |
Marmora Scramblers batting - Pitching for Atlantic City Sonics : RHP Jeff Territt
|
Batting: RHB Andrew Weeks
|
0-0: Called Strike 0-1: Ball 1-1: Ball 2-1: Ball 3-1: Foul Ball, location: 2F 3-2: Fly out, F4 (Popup, 4MD)
|
Batting: RHB Eric D'Angle
|
0-0: Ball 1-0: Called Strike 1-1: Called Strike 1-2: Foul Ball, location: 2F 1-2: Ball 2-2: Ball 3-2: SOLO HOME RUN (Flyball, 7LD), Distance : 340 ft
|
Pitching: RHP Tony Newell
|
|
Batting: LHB Randy Daugherty
|
0-0: Ball 1-0: Called Strike 1-1: SINGLE (Line Drive, 34D)
|
Batting: RHB Bob Sargent
|
0-0: Ball 1-0: Reached on error, E5 (Groundball, 5S) Randy Daugherty to third
|
Batting: RHB Thomas Vaughan
|
0-0: Called Strike 0-1: Ball 1-1: Ground out 6-3 (Groundball, 6)
|
Batting: LHB Paul Johnson
|
0-0: Called Strike 0-1: Swinging Strike 0-2: Strikes out looking
|
Bottom of the 5th over - 1 run(s), 2 hit(s), 1 error(s), 2 left on base; Atlantic City 2 - Marmora 5 |
TOP OF THE 6TH |
Atlantic City Sonics batting - Pitching for Marmora Scramblers : RHP Hirokichi Kichida
|
Batting: RHB Joe Smith
|
0-0: Ball 1-0: Called Strike 1-1: Swinging Strike 1-2: Ball 2-2: Foul Ball, location: 2F 2-2: Ball 3-2: Strikes out swinging
|
Pitching: RHP Pablo Navarro
|
|
Batting: LHB Pedro López
|
0-0: Foul Ball, location: 2F 0-1: Ball 1-1: Ball 2-1: Ground out 3-1 (Groundball, 34)
|
Batting: RHB Jason Duncan
|
0-0: Ball 1-0: Ground out 5-3 (Groundball, 15S)
|
Top of the 6th over - 0 run(s), 0 hit(s), 0 error(s), 0 left on base; Atlantic City 2 - Marmora 5 |
BOTTOM OF THE 6TH |
Marmora Scramblers batting - Pitching for Atlantic City Sonics : RHP Tony Newell
|
Batting: RHB Jorge Quezada
|
0-0: SINGLE (Flyball, 8LS)
|
Batting: RHB Tristan Kuhn
|
0-0: Foul Ball, location: 2F 0-1: Sac Bunt - play at first, batter safe! Jorge Quezada to second
|
Batting: RHB Johnny Foster
|
0-0: Ball Wild Pitch! Jorge Quezada to third Tristan Kuhn to second 1-0: Foul Ball, location: 2F 1-1: Ball 2-1: Ball 3-1: Foul Ball, location: 2F 3-2: Base on Balls
|
Batting: RHB Andrew Weeks
|
0-0: Called Strike 0-1: Swinging Strike 0-2: Ball 1-2: Ball Wild Pitch! Jorge Quezada scores Tristan Kuhn to third Johnny Foster to second 2-2: Strikes out swinging
|
Batting: RHB Eric D'Angle
|
0-0: Foul Ball, location: 2F 0-1: Foul Ball, location: 2F 0-2: Ball 1-2: Ball 2-2: Ball 3-2: Strikes out swinging
|
Pitching: LHP Curt Baker
|
|
Batting: LHB Randy Daugherty
|
0-0: Ball 1-0: Called Strike 1-1: SINGLE (Groundball, 34D) Tristan Kuhn scores Johnny Foster to third Runner from 3rd tries for Home, SAFE, no throw or cutoff
|
Batting: RHB Bob Sargent
|
0-0: Foul Ball, location: 2F 0-1: Ball 1-1: Called Strike 1-2: Reached on Error, E8 (Flyball, 8RM) Randy Daugherty to third
|
Batting: RHB Thomas Vaughan
|
0-0: Foul Ball, location: 2F 0-1: Ball 1-1: Foul Ball, location: 2F 1-2: Strikes out swinging
|
Bottom of the 6th over - 3 run(s), 3 hit(s), 1 error(s), 2 left on base; Atlantic City 2 - Marmora 8 |
TOP OF THE 7TH |
Atlantic City Sonics batting - Pitching for Marmora Scramblers : RHP Pablo Navarro
|
Now at C: Adrian Barr
|
|
Batting: LHB Kip Burks
|
0-0: Ball 1-0: Foul Ball, location: 2F 1-1: Called Strike 1-2: Foul Ball, location: 2F 1-2: Foul Ball, location: 2F 1-2: Foul Ball, location: 2F 1-2: Ball 2-2: Foul Ball, location: 2F 2-2: Foul Ball, location: 2F 2-2: Ball 3-2: Base on Balls
|
Batting: RHB Michael Bucknell
|
0-0: Ball Single, Error in OF, E9, batter to second base Kip Burks to third
|
Batting: RHB António Granados
|
0-0: Ball 1-0: Ball 2-0: Called Strike 2-1: Ground out 6-3 (Groundball, 6) Kip Burks scores
|
Batting: RHB Thomas Campbell
|
0-0: Ball 1-0: Ball 2-0: Foul Ball, location: 2F 2-1: Foul Ball, location: 2F 2-2: Strikes out swinging
|
Batting: RHB Ethan Stanford
|
0-0: Ball 1-0: Called Strike 1-1: Foul Ball, location: 2F 1-2: Ball 2-2: Foul Ball, location: 2F 2-2: Strikes out looking
|
Top of the 7th over - 1 run(s), 1 hit(s), 1 error(s), 1 left on base; Atlantic City 3 - Marmora 8 |
BOTTOM OF THE 7TH |
Marmora Scramblers batting - Pitching for Atlantic City Sonics : LHP Curt Baker
|
Batting: LHB Paul Johnson
|
0-0: Swinging Strike 0-1: Ball 1-1: SINGLE (Groundball, 34D)
|
Batting: RHB Jorge Quezada
|
0-0: Ball 1-0: Ball 2-0: Fly out, F8 (Popup, 8LS)
|
Batting: RHB Tristan Kuhn
|
0-0: Called Strike 0-1: Fly out, F2 (Popup, 2RF)
|
Batting: RHB Johnny Foster
|
0-0: Called Strike 0-1: Called Strike 0-2: Ball 1-2: Ball 2-2: Foul Ball, location: 2F 2-2: Ball 3-2: Fly out, F2 (Popup, 2RF)
|
Bottom of the 7th over - 0 run(s), 1 hit(s), 0 error(s), 1 left on base; Atlantic City 3 - Marmora 8 |
TOP OF THE 8TH |
Atlantic City Sonics batting - Pitching for Marmora Scramblers : RHP Pablo Navarro
|
Batting: RHB Chris Foreman
|
0-0: Ball 1-0: Swinging Strike 1-1: Foul Ball, location: 2F 1-2: Foul Ball, location: 2F 1-2: Ball 2-2: Strikes out swinging
|
Pitching: LHP Aaron Farr
|
|
Batting: RHB Joe Smith
|
0-0: Ball 1-0: Called Strike 1-1: SINGLE (Line Drive, 8LS)
|
Batting: LHB Pedro López
|
0-0: Foul Ball, location: 2F 0-1: Called Strike 0-2: Fly out, F8 (Flyball, 8RM)
|
Batting: RHB Jason Duncan
|
0-0: Swinging Strike 0-1: Called Strike 0-2: Strikes out looking
|
Top of the 8th over - 0 run(s), 1 hit(s), 0 error(s), 1 left on base; Atlantic City 3 - Marmora 8 |
BOTTOM OF THE 8TH |
Marmora Scramblers batting - Pitching for Atlantic City Sonics : LHP Curt Baker
|
Batting: RHB Andrew Weeks
|
0-0: Called Strike 0-1: Swinging Strike 0-2: Strikes out swinging
|
Batting: RHB Eric D'Angle
|
0-0: Ball 1-0: Ball 2-0: Swinging Strike 2-1: Ball 3-1: SINGLE (Line Drive, 9LS)
|
Batting: LHB Randy Daugherty
|
0-0: Grounds out, U3 (Groundball, 3L)
|
Batting: RHB Bob Sargent
|
0-0: Ball 1-0: SINGLE (Line Drive, 34D) Eric D'Angle to third
|
Batting: RHB Adrian Barr
|
0-0: Called Strike 0-1: Ball 1-1: Ball 2-1: Ground out 6-3 (Groundball, 6)
|
Bottom of the 8th over - 0 run(s), 2 hit(s), 0 error(s), 2 left on base; Atlantic City 3 - Marmora 8 |
TOP OF THE 9TH |
Atlantic City Sonics batting - Pitching for Marmora Scramblers : LHP Aaron Farr
|
Batting: LHB Kip Burks
|
0-0: Called Strike 0-1: Swinging Strike 0-2: Ball 1-2: Ball 2-2: Foul Ball, location: 2F 2-2: Foul Ball, location: 2F 2-2: SINGLE (Groundball, 34D)
|
Batting: RHB Michael Bucknell
|
0-0: Ball 1-0: Ball 2-0: Ball 3-0: Base on Balls Kip Burks to second
|
Batting: RHB António Granados
|
0-0: Ball 1-0: Called Strike 1-1: Foul Ball, location: 2F 1-2: Foul Ball, location: 2F 1-2: Foul Ball, location: 2F 1-2: Foul Ball, location: 2F 1-2: Foul Ball, location: 2F 1-2: Grounds into double play, 6-4-3 (Groundball, 6) Kip Burks to third
|
Pitching: RHP Jorge Silverstro
|
|
Batting: RHB Thomas Campbell
|
0-0: SINGLE (Line Drive, 78S) Kip Burks scores
|
Batting: RHB Ethan Stanford
|
0-0: Called Strike 0-1: Fielders Choice at 2nd, U6 (Groundball, 6M)
|
Top of the 9th over - 1 run(s), 2 hit(s), 0 error(s), 1 left on base; Atlantic City 4 - Marmora 8 |
|